 Dungeon Crawl Stone Soup version 0.31-a0-246-g8cbcc1cb85 (webtiles) character file.

Game seed: 18411859582932441666

87 Dittersdorf the Trooper (level 4, -2/29 HPs)
             Began as a Gargoyle Fighter on July 12, 2023.
             Slain by Edmund
             ... wielding a +5 heavy flail
              (8 damage)
             ... on level 4 of the Dungeon.
             The game lasted 00:02:57 (2486 turns).

Dittersdorf the Trooper (Gargoyle Fighter)          Turns: 2486, Time: 00:02:57

Health: -2/29      AC: 15    Str: 21    XL:     4   Next: 51%
Magic:  4/4        EV:  8    Int:  9    God:
Gold:   166        SH:  4    Dex:  9    Spells: 3/3 levels left

rFire   . . .        a - +0 flail
rCold   . . .        c - +0 buckler
rNeg    + + .        g - +0 chain mail
rPois   ∞            j - +0 helmet
rElec   +            (no cloak)
rCorr   .            (no gloves)
SInv    .            h - +0 pair of boots
Will    .....        (no amulet) Stlth
                     l - ring of positive energy
HPRegen 0.24/turn    (no ring)
MPRegen 0.09/turn

%: no passive effects
@: mighty
A: sickness immunity, AC +3, negative energy resistance 1, electricity
resistance, torment resistance 1, petrification resistance
a: no special abilities


You were on level 4 of the Dungeon.
You visited 1 branch of the dungeon, and saw 4 of its levels.

You collected 166 gold pieces.

Inventory:

Hand Weapons
 a - a +0 flail (weapon)
Armour
 b - a +0 plate armour
 c - a +0 buckler (worn)
 g - a +0 chain mail (worn)
 h - a +0 pair of boots (worn)
 j - a +0 helmet (worn)
Jewellery
 l - a ring of positive energy (left hand)
Scrolls
 e - a scroll of teleportation {unknown}
 i - a scroll of silence {unknown}
 m - a scroll of enchant weapon {unknown}
 n - 2 scrolls of identify {unknown}
Potions
 f - a potion of curing {unknown}
 k - a potion of attraction {unknown}
 o - a potion of lignification {unknown}


   Skills:
 + Level 4.0 Fighting
 + Level 2.8 Maces & Flails
 + Level 4.0 Armour
 + Level 4.0 Shields


You had 3 spell levels left.
You didn't know any spells.
Your spell library contained the following spells:

 Spells                   Type           Power      Damage    Failure   Level
 Summon Guardian Golem    Hex/Summ       0%         N/A       100%        3
 Leda's Liquefaction      Hex/Erth       0%         N/A       100%        4
 Summon Forest            Summ/Tloc      0%         N/A       100%        5
 Orb of Destruction       Conj           0%         9d5       100%        7
 Spellforged Servitor     Conj/Summ      0%         N/A       100%        7


Dungeon Overview and Level Annotations

Branches:
Dungeon (4/15)
 Temple: D:4-7

Altars:
Vehumet

Annotations:
D:4 Edmund


Innate Abilities, Weirdness & Mutations

You are immune to sickness and miasma.
Your stone body is resilient. (AC +3)
You are immune to poison.
You resist negative energy. (rN+)
You are resistant to electric shocks. (rElec)
You are resistant to unholy torment.
You are immune to petrification.


Message History

You are too injured to fight recklessly!
You are too injured to fight recklessly!
You are too injured to fight recklessly!
You are too injured to fight recklessly!
You are too injured to fight recklessly!
You are too injured to fight recklessly!
You are too injured to fight recklessly!
You are too injured to fight recklessly!
You are too injured to fight recklessly!
You are too injured to fight recklessly!
You are too injured to fight recklessly!
You are too injured to fight recklessly!
You are too injured to fight recklessly!
You are too injured to fight recklessly!
You are too injured to fight recklessly!
You are too injured to fight recklessly!
You feel very mighty all of a sudden. Edmund closely misses you.
You sock Edmund!
Edmund is moderately wounded.
Edmund hits you but does no damage.
You barely miss Edmund.
Edmund is moderately wounded.
You thump Edmund!
Edmund is heavily wounded.
Edmund hits you with a +5 heavy flail.
You sock Edmund!
Edmund is severely wounded.
You block Edmund's attack.
You closely miss Edmund.
Edmund is severely wounded.
Edmund hits you with a +5 heavy flail.
* * * LOW HITPOINT WARNING * * *
You hit Edmund.
Edmund is almost dead.
Edmund completely misses you.
You completely miss Edmund.
Edmund is almost dead.
Edmund hits you with a +5 heavy flail!
You die...

#... #... ###
#>... ..# #...#
#.# #.... ...
##..###### #.#
#........# #@#
#.#....#.###@#
#.###..#.#.....#
#......#.#######
#####.<#..
#..####
#..#######
#........#
######...####.#
.........#


You could see Edmund.

Vanquished Creatures
  Terence (D:2)
  An adder (D:3)
  2 worms (D:2)
  4 ball pythons
  2 endoplasms (D:2)
  3 giant cockroaches
  2 hobgoblins
  4 jackals
  2 quokkas
  6 bats
  A frilled lizard (D:1)
  5 goblins
  5 kobolds
  6 rats
44 creatures vanquished.

Notes
Turn   | Place    | Note
-------+----------+-------------------------------------------
     0 | D:1      | Dittersdorf the Gargoyle Fighter began the quest for the
                  | Orb.
     0 | D:1      | Reached XP level 1. HP: 14/14 MP: 1/1
   282 | D:1      | Reached XP level 2. HP: 18/19 MP: 2/2
   874 | D:2      | Reached XP level 3. HP: 23/23 MP: 3/3
   935 | D:2      | Noticed Terence
   954 | D:2      | Killed Terence
  1159 | D:2      | Reached XP level 4. HP: 29/29 MP: 4/4
  1559 | D:3      | Got the Handbook of Iron Adjuration
  1829 | D:3      | You fall into a shaft and drop 1 floor!
  2177 | D:3      | Found a radiant altar of Vehumet.
  2476 | D:4      | Noticed Edmund
  2486 | D:4      | Slain by Edmund

Illustrated notes

Levels and vault maps discovered:
D:1:      elethiomel_arrival_shortcut, layout_basic
D:2:      layout_loops_ring, uniq_terence
D:3:      layout_basic, mainiacjoe_overflow_alcove_1, hex_large
D:4:      minmay_chambers_of_threes, layout_basic,
          mainiacjoe_overflow_concentric_impassable, uniq_grinder, uniq_natasha,
          uniq_edmund

Skill      XL: |  1  2  3  4 |
---------------+-------------+-----
Fighting       | 4 |  4.0
Shields        | 4 |  4.0
Armour         | 4 |  4.0
Maces & Flails | |  2.8

Action                     |  1- 3 |  4- 6 || total
---------------------------+-------+-------++-------
  Melee: Flail             |    78 |    57 ||   135
    Use: Potion            |       |     1 ||     1
 Armour: Scale mail        |    38 |       ||    38
         Chain mail        |     3 |    30 ||    33
  Dodge: Dodged            |    44 |    14 ||    58
  Block: Buckler           |    13 |    17 ||    30

Table legend: (Time is in decaauts)
 A = Elapsed time spent in this place.
 B = Non-inter-level travel time spent in this place.
 C = Inter-level travel time spent in this place.
 D = Time resting spent in this place.
 E = Time spent auto-exploring this place.
 F = Levels seen in this place.
 G = Mean time per level.
                   A        B        C        D        E       F      G
               +--------+--------+--------+--------+--------+-----+--------+
         Total |   2527 |   2371 |    156 |     75 |   1913 |   4 |  631.8 |
       Dungeon |   2527 |   2371 |    156 |     75 |   1913 |   4 |  631.8 |
               +--------+--------+--------+--------+--------+-----+--------+

Top non-repeatable levels by time:
     D:3: 886 daAuts
     D:1: 810 daAuts
     D:2: 779 daAuts
     D:4: 51 daAuts
